 Dungeon Crawl Stone Soup version 0.27.0-1-g7a089689b8 (webtiles) character file.

Game seed: 8016088695935931683

128598 dolemite99 the Blocker (level 16, -2/123 HPs)
             Began as a Grey Draconian Ice Elementalist on Aug 12, 2021.
             Was a High Priest of Hepliaklqana.
             Killed from afar by a shock serpent (18 damage)
             ... with a bolt of electricity
             ... on level 2 of the Snake Pit on Aug 13, 2021.
             The game lasted 01:26:12 (42131 turns).

dolemite99 the Blocker (DrIE)                      Turns: 42131, Time: 01:26:13

Health: -2/123     AC: 23    Str: 14    XL:     16   Next: 48%
Magic:  3/25       EV: 19    Int: 21    God:    Hepliaklqana [*****.]
Gold:   716        SH: 16    Dex: 22    Spells: 2/27 levels left

rFire    + . .     SeeInvis .   a - staff of earth
rCold    . . .     Faith    .   y - +3 buckler
rNeg     . . .     Spirit   .   (armour unavailable)
rPois    +         Reflect  +   (helmet restricted)
rElec    .         Harm     .   D - +2 cloak
rCorr    .         Rampage  .   z - +2 pair of gloves
Will     +....                  m - +2 pair of boots
Stlth    ++........             Y - amulet of reflection
HPRegen  0.30/turn              w - +6 ring of dexterity
MPRegen  0.19/turn              W - ring of Vinalarph {rPois rF+ Str+4 Dex+2}

@: weakened, freezing walls, very slightly contaminated
A: reduced essence, AC +14, amphibious, unfitting armour, cold-blooded
a: Renounce Religion, Recall Ancestor, Ancestor Identity, Transference, Idealise


You were on level 2 of the Snake Pit.
You worshipped Hepliaklqana.
Hepliaklqana was extremely pleased with you.
You visited 4 branches of the dungeon, and saw 25 of its levels.
You also visited: Ossuary.

You collected 3553 gold pieces.
You spent 2837 gold pieces at shops.

Inventory:

Hand Weapons
 b - a +5 demon trident of protection
Missiles
 e - 3 curare-tipped darts
 q - 10 stones
 r - 6 datura-tipped darts
 N - 2 throwing nets
Armour
 m - a +2 pair of boots (worn)
 p - a +0 kite shield of reflection
 y - a +3 buckler (worn)
 z - a +2 pair of gloves (worn)
 D - a +2 cloak (worn)
Magical Staves
 a - a staff of earth (weapon)
 c - a staff of air
 j - a staff of fire
 s - a staff of cold
Jewellery
 w - a +6 ring of dexterity (left hand)
 E - a ring of fire
 H - an amulet of magic regeneration
 O - an amulet of the acrobat
 W - the ring of Vinalarph (right hand) {rPois rF+ Str+4 Dex+2}
   (You bought it in a shop on level 2 of the Orcish Mines)

   [ring of poison resistance]

   Str:       It affects your strength (+4).
   Dex:       It affects your dexterity (+2).
   rF:        It protects you from fire.
   rPois:     It protects you from poison.
 Y - an amulet of reflection (around neck)
Wands
 i - a wand of digging (7)
 k - a wand of mindburst (3) (quivered)
 l - a wand of polymorph (18)
 L - a wand of charming (22)
Scrolls
 d - a scroll of fog
 f - a scroll of blinking
 n - 7 scrolls of teleportation
 t - 7 scrolls of identify {@r1}
 v - a scroll of enchant armour
 F - a scroll of holy word
 K - 2 scrolls of magic mapping
 V - 3 scrolls of silence
Potions
 g - 2 potions of brilliance
 h - 14 potions of curing
 o - 6 potions of might
 u - 14 potions of heal wounds
 x - 3 potions of flight
 A - 10 potions of ambrosia
 B - 2 potions of berserk rage
 C - 4 potions of lignification
 G - 2 potions of resistance
 P - 6 potions of attraction
 R - 3 potions of haste
 S - 2 potions of cancellation
Miscellaneous
 I - a tin of tremorstones (inert)
 Q - a phantom mirror
 X - a condenser vane (inert)


   Skills:
 - Level 11.2 Fighting
 - Level 9.4 Staves
 - Level 9.2 Dodging
 - Level 2.2 Stealth
 + Level 11.7 Shields
 - Level 6.2 Spellcasting
 - Level 9.1 Conjurations
 - Level 5.7 Necromancy
 - Level 7.0 Fire Magic
 - Level 9.9 Ice Magic
 - Level 10.8 Earth Magic
 - Level 9.6 Invocations
 - Level 8.8 Evocations


You had 2 spell levels left.
You knew the following spells:

 Your Spells              Type           Power      Damage    Failure   Level
a - Lee's Rapid Deconstr  Erth           33%        3d18*     3%          5
b - Sandblast             Erth           100%       2d20      1%          1
c - Bolt of Magma         Conj/Fire/Erth 30%        4d14      7%          5
d - Frozen Ramparts       Ice            96%        1d11      1%          3
e - Passwall              Tmut/Erth      35%        N/A       1%          2
f - Ozocubu's Armour      Ice            48%        N/A       1%          3
g - Blink                 Tloc           N/A        N/A       14%         2
h - Animate Dead          Necr           15%        N/A       9%          4

Your spell library contained the following spells:

 Spells                   Type           Power      Damage    Failure   Level
 Foxfire                  Conj/Fire      100%       2x1d9     1%          1
 Freeze                   Ice            100%       1d11      1%          1
 Apportation              Tloc           12%        N/A       10%         1
 Summon Small Mammal      Summ           24%        N/A       10%         1
 Conjure Flame            Conj/Fire      40%        6-21      1%          3
 Stone Arrow              Conj/Erth      100%       3d13      1%          3
 Hailstorm                Conj/Ice       46%        3d11      1%          4
 Dazzling Flash           Conj/Hex       50%        N/A       4%          3
 Inner Flame              Hex/Fire       21%        N/A       7%          3
 Borgnjor's Vile Clutch   Necr/Erth      29%        N/A       9%          5
 Ice Form                 Ice/Tmut       27%        N/A       12%         4
 Iskenderun's Mystic Bla  Conj/Tloc      25%        2d7       14%         4
 Call Canine Familiar     Summ           6%         N/A       28%         3
 Gell's Gravitas          Tloc           3%         N/A       28%         3
 Lesser Beckoning         Tloc           3%         N/A       28%         3
 Summon Guardian Golem    Hex/Summ       6%         N/A       28%         3
 Swiftness                Air            6%         N/A       28%         3
 Teleport Other           Tloc           6%         N/A       28%         3
 Starburst                Conj/Fire      20%        8x6d7     47%         6
 Simulacrum               Ice/Necr       19%        N/A       52%         6
 Cause Fear               Hex            3%         N/A       67%         4
 Death Channel            Necr           15%        N/A       80%         6
 Orb of Destruction       Conj           22%        9d9       89%         7
 Alistair's Intoxication  Tmut/Pois      4%         N/A       95%         5
 Manifold Assault         Tloc           6%         N/A       95%         5
 Invisibility             Hex            3%         N/A       100%        6
 Dragon Form              Tmut           3%         N/A       100%        7
 Spellforged Servitor     Conj/Summ      12%        N/A       100%        7
 Dragon's Call            Summ           3%         N/A       100%        9
 Shatter                  Erth           33%        3d27*     100%        9


Dungeon Overview and Level Annotations

Branches:
Dungeon (15/15)            Temple (0/1) D:7            Lair (6/6) D:10
 Shoals (0/4) Lair:2        Snake (2/4) Lair:4        Slime (0/5) Lair:5
    Orc (2/2) D:12            Elf (0/3) Orc:2        Vaults (0/5) D:13
 Depths (0/5) D:15        Ossuary (visited)

Altars:
Cheibriados
Dithmenos
Fedhas
Hepliaklqana
Kikubaaqudgha
Makhleb
Ru
Sif Muna
Trog
Vehumet
Xom
Yredelemnul
The Shining One
Beogh
Jiyva

Shops:
D:5 !?:*   D:9 ?   D:12 :   Orc:1 :*[   Orc:2 =[=?   Snake:2 :

Portals:
Bazaar: Snake:2

Annotations:
D:7 3 runed translucent doors, Spaninq's ghost, novice HuWr
D:8 1 runed translucent door, SnakkuSnakku7's ghost, journeyman NaSu
Snake:1 1 runed translucent door, exclusion: downstairs, Elinuc's ghost, adept DEWz
Orc:2 3 runed translucent doors, VictoriousLee's ghost, journeyman BaIE; hilljack's ghost, journeyman MiGl; sasquatch's ghost, journeyman VSBr


Innate Abilities, Weirdness & Mutations

Your life essence is reduced to manifest your ancestor. (-10% HP)
Your dull iron-grey scales are very hard. (AC +14)
You are amphibious.
You cannot fit into any form of body armour.
You are cold-blooded and may be slowed by cold attacks.


Message History

Confirm with . or Enter, or press ? or * to list all spells.
Aiming: Bolt of Magma (dangerous; 7% risk of failure)
Press: ? - help, Shift-Dir - straight line, f/p - shock serpent
Aim: a shock serpent (heavily wounded, ally target, 53% to hit)
You feel a surge of power!
You miscast Bolt of Magma.
You are very lightly contaminated with residual magic.
Nothing appears to happen.
The shock serpent bites you but does no damage.
Xochitl barely misses the shock serpent.
Casting: Bolt of Magma (dangerous; 7% risk of failure)
Confirm with . or Enter, or press ? or * to list all spells.
You don't have enough magic to cast this spell.
Unknown command.
You hit the shock serpent.
You shatter the shock serpent.
Your tail-slap misses the shock serpent.
The shock serpent is severely wounded.
The shock serpent's electric aura discharges, shocking you!
You block the shock serpent's attack.
You closely miss the shock serpent.
Your tail-slap misses the shock serpent.
The shock serpent is severely wounded.
The shock serpent shoots out a bolt of lightning at you!
The bolt of electricity hits you! The bolt of electricity misses you.
Xochitl barely misses the shock serpent.
You block the shock serpent's attack.
The salamander tyrant gazes fiercely through you!
You feel your attacks grow feeble.
You barely miss the shock serpent.
You tail-slap the shock serpent, but do no damage.
The shock serpent is severely wounded.
Xochitl barely misses the shock serpent.
You block the shock serpent's attack.
You hit the shock serpent.
You shatter the shock serpent!
The shock serpent is almost dead.
The shock serpent's electric aura discharges, shocking you!
The shock serpent shoots out a bolt of lightning at you!
The bolt of electricity hits you!!
* * * LOW HITPOINT WARNING * * *
The bolt of electricity hits you!!
You die...

,,,,,,.......,,,,,,,,,,,******,,,
,*####..##....,*,,,,,,,,,,,,,,,,*
**#.....##....,*,,,,,,,,*,,,,,***
#.....##.....,,,,,,,,,,,,,,,*
#N...........*****,##.,,,,,**
###SS..........#####....,,,,,*
N..R.N.##....[..........*,,,,*
###S...#...)....).......*,,,,*
......N...)$..RS@..#..##*,,,,****
$.....##..##..........#**,,****,,
.S..#.#).####..#......(.,,,,,,,,,
.........,,..N......$##.,,,,***,,
#∩......##.###........#***,,,,,,>
......###.,**#..........,,,,,,,*,
..##.....,*,,,........##**,***,,,
.##*#...#,,,,.........# **,* ****
.,***....,*,,,,,,,,,,,***,,*


You could see the friendly Xochitl the knight, a salamander tyrant and a shock
serpent (ally target).

Vanquished Creatures
  Donald (Orc:2)
  A frost giant (D:15)
  2 dire elephants (Lair:6)
  Snorg (D:11)
  2 hydras
  3 anacondas
  A naga warrior (Snake:1)
  A catoblepas (Lair:6)
  3 centaur warriors
  Erica (Lair:1)
  An anaconda (shapeshifter) (D:13)
  4 death yaks
  A tengu warrior (D:15)
  A naga sharpshooter (Snake:2)
  A shock serpent (Snake:1)
  Sonja (Lair:3)
  A spectral death yak (Lair:6)
  A skeletal warrior (D:14)
  A spectral anaconda (Lair:6)
  An orange crystal statue (Snake:2)
  An obsidian statue (Lair:6)
  4 naga ritualists
  Pikel (D:8)
  A harpy (shapeshifter) (D:14)
  An orc knight (Orc:1)
  3 necromancers
  3 cyclopes
  4 orc sorcerers (Orc:2)
  4 manticores
  4 ugly things
  3 mana vipers (Snake:1)
  2 salamanders (Snake:1)
  8 elephants (Lair:6)
  2 merfolk sirens (Lair:2)
  Joseph (D:8)
  10 black mambas
  2 naga magi
  Maggie (D:7)
  A dire elephant skeleton (Lair:6)
  5 cane toads
  A komodo dragon (shapeshifter) (D:14)
  3 kobold demonologists
  4 rime drakes
  8 komodo dragons
  3 trolls
  3 meliai (D:13)
  14 slime creatures
  A hornet (Lair:3)
  9 dream sheep
  6 blink frogs
  Sigmund (D:2)
  A vampire (D:14)
  2 shadows
  4 water elementals (D:15)
  A wraith (D:15)
  43 yaks
  9 wyverns
  5 basilisks
  A steam dragon (D:7)
  A death yak simulacrum (Lair:6)
  4 vampire mosquitoes
  7 nagas
  An acid dragon (D:8)
  9 water moccasins
  A hell hound (Lair:5)
  An elephant zombie (Lair:6)
  13 orc warriors
  Duvessa (D:5)
  3 ice beasts (D:7)
  4 black bears
  9 ogres
  5 centaurs
  10 wolves
  An elephant skeleton (Lair:6)
  A phantom (D:3)
  11 bullfrogs
  An elf zombie (Ossuary)
  A gnoll sergeant (D:6)
  3 cane toad simulacra (Lair:6)
  4 scorpions
  A wyvern skeleton (D:7)
  21 killer bees
  7 electric eels
  8 howler monkeys
  3 hounds
  A jelly (D:6)
  A bullfrog zombie (D:6)
  2 centaur zombies
  14 orc priests
  A centaur skeleton (D:7)
  A gnoll shaman (D:7)
  9 iguanas
  13 orc wizards
  4 hell rats (Lair:5)
  A hound skeleton (D:4)
  A mummy (Ossuary)
  9 gnolls
  A howler monkey skeleton (D:3)
  7 adders
  2 shadow imps (D:7)
  11 white imps
  2 adder zombies (Ossuary)
  2 worms
  A dart slug (D:1)
  56 orcs
  6 bats
  5 endoplasms
  4 giant cockroaches
  8 goblins
  13 hobgoblins
  14 jackals
  4 quokkas
  6 ball pythons
  4 frilled lizards
  8 hobgoblin zombies (Ossuary)
  2 jackal zombies (Ossuary)
  12 kobolds
  4 kobold zombies (Ossuary)
  4 orc zombies (Ossuary)
  3 rats
  A rat zombie (Ossuary)
577 creatures vanquished.

Vanquished Creatures (collateral kills)
  Jorgrun (D:12)
  A dire elephant (Lair:6)
  Josephine (D:15)
  Erolcha (D:13)
  4 hydras
  2 naga warriors (Snake:1)
  A boulder beetle (D:13)
  3 centaur warriors
  2 anacondas
  2 ogre magi (Orc:2)
  A death knight (D:14)
  A tengu warrior (D:15)
  A two-headed ogre (D:11)
  4 death yaks
  A naga sharpshooter (Snake:2)
  A shock serpent (Snake:1)
  A skeletal warrior (D:14)
  A naga ritualist (Snake:1)
  A wizard (D:13)
  8 mana vipers (Snake:1)
  A necromancer (Lair:6)
  4 orc sorcerers (Orc:2)
  2 manticores
  5 ugly things (D:15)
  4 elephants (Lair:6)
  A cyclops (D:15)
  4 salamanders
  7 black mambas
  Maurice (Orc:1)
  2 guardian serpents
  3 naga magi
  A dire elephant zombie (Lair:6)
  A gargoyle (D:12)
  6 cane toads
  A komodo dragon (shapeshifter) (D:15)
  2 rime drakes (Lair:5)
  An unseen horror (D:12)
  A freezing wraith (D:14)
  An efreet (D:15)
  A torpor snail (Lair:6)
  A komodo dragon (Lair:5)
  A queen bee (Lair:1)
  3 meliai (D:13)
  2 trolls (D:13)
  A hornet (D:8)
  7 slime creatures
  A snapping turtle (Lair:5)
  A blink frog (Lair:2)
  5 dream sheep
  A spectral elephant (Lair:6)
  2 shadows
  3 water moccasins
  13 yaks
  A water elemental (D:15)
  8 wraiths
  2 wyverns (Lair:5)
  5 basilisks
  3 vampire mosquitoes
  8 nagas
  A swamp worm (D:9)
  An elephant zombie (Lair:6)
  5 orc warriors
  3 black bears
  A black bear (shapeshifter) (D:14)
  3 necrophages
  2 ice beasts
  2 wolves (Lair:6)
  6 ogres
  3 centaurs
  4 bullfrogs
  A gnoll sergeant (D:12)
  A wyvern skeleton (D:7)
  A water moccasin zombie (D:6)
  Dowan (D:5)
  17 killer bees
  2 howler monkeys
  An electric eel (D:10)
  A jelly (D:6)
  A lava snake (D:8)
  A bullfrog skeleton (D:6)
  A human zombie (Ossuary)
  2 orc priests
  A centaur skeleton (D:4)
  20 orc wizards
  A hell rat (Lair:5)
  2 killer bee zombies (D:7)
  A hound skeleton (D:4)
  A mummy (Ossuary)
  2 gnolls
  An adder (D:6)
  A shadow imp (D:5)
  3 white imps (Lair:6)
  An ufetubus (D:5)
  A dart slug (D:3)
  13 orcs
  An endoplasm (D:3)
  4 goblins
  3 jackals
  6 hobgoblin zombies (Ossuary)
  A kobold (D:11)
  6 kobold zombies (Ossuary)
  An orc zombie (Ossuary)
  A rat zombie (Ossuary)
287 creatures vanquished.

Vanquished Creatures (others)
  An ugly thing (D:15)
  2 slime creatures
  A steam dragon (D:7)
  13 knights
  3 ancestors
  A bush (Lair:5)
  51 fungi
  42 plants
  30 withered plants
144 creatures vanquished.

Grand Total: 1008 creatures vanquished

Notes
Turn   | Place    | Note
-------+----------+-------------------------------------------
     0 | D:1      | dolemite99 the Draconian Ice Elementalist began the quest
                  | for the Orb.
     0 | D:1      | Reached XP level 1. HP: 14/14 MP: 3/3
   173 | D:1      | Reached XP level 2. HP: 4/20 MP: 0/5
  1125 | D:1      | Reached XP level 3. HP: 20/26 MP: 2/6
  1539 | D:1      | Learned a level 3 spell: Frozen Ramparts
  1791 | D:2      | Found a bloodstained altar of Trog.
  2292 | D:2      | Reached XP level 4. HP: 33/33 MP: 4/7
  2347 | D:2      | Reached skill level 5 in Ice Magic
  2681 | D:2      | Found a faded altar of an unknown god.
  2857 | D:2      | Became a worshipper of Hepliaklqana the Forgotten
  2857 | D:2      | Reached * piety under Hepliaklqana
  3042 | D:2      | Noticed Sigmund
  3056 | D:2      | Killed Sigmund
  3057 | D:2      | Reached XP level 5. HP: 14/34 MP: 2/8
  3441 | D:3      | Reached XP level 6. HP: 40/40 MP: 7/9
  3933 | D:3      | Learned a level 3 spell: Ozocubu's Armour
  3936 | D:3      | Learned a level 2 spell: Blink
  4500 | D:3      | Your scales start taking on a dull iron-grey colour.
  4500 | D:3      | Reached XP level 7. HP: 45/45 MP: 6/10
  4721 | D:3      | Found a shimmering altar of Xom.
  5705 | D:4      | Reached ** piety under Hepliaklqana
  5707 | D:4      | Remembered your ancestor Xochitl as a knight
  5800 | D:4      | Reached XP level 8. HP: 42/51 MP: 4/11
  5954 | D:4      | Identified the +2 cloak "Sialothra" {*Slow rN+ rCorr}
  6185 | D:5      | Entered Level 5 of the Dungeon
  6205 | D:5      | Found Wafyba's Magic Scroll Shoppe.
  6213 | D:5      | Reached skill level 1 in Fighting
  6271 | D:5      | Bought a scroll of teleportation for 45 gold pieces
  6271 | D:5      | Bought a scroll of holy word for 112 gold pieces
  6437 | D:5      | Found Zotue's Distillery.
  6667 | D:5      | Found a bloodstained altar of Trog.
  6680 | D:5      | Found a shimmering blue altar of Sif Muna.
  6690 | D:5      | Got Sif Muna's Almanac of Changing
  6732 | D:5      | Found Bueso's Book Shop.
  6749 | D:5      | Noticed Dowan
  6750 | D:5      | Noticed Duvessa
  6754 | D:5      | Reached skill level 5 in Fighting
  6758 | D:5      | Killed Dowan
  6856 | D:5      | Identified a scroll of acquirement
  6856 | D:5      | Acquired 637 gold pieces
  7032 | D:5      | Killed Duvessa
  7033 | D:5      | Reached XP level 9. HP: 67/71 MP: 5/12
  7125 | D:5      | Bought a book of Geomancy for 286 gold pieces
  7128 | D:5      | Learned a level 2 spell: Passwall
  7136 | D:5      | Found Teugok's General Store.
  7153 | D:5      | Bought a potion of curing for 42 gold pieces
  7153 | D:5      | Bought a scroll of teleportation for 42 gold pieces
  7156 | D:5      | Bought a +0 cloak for 63 gold pieces
  7166 | D:5      | Bought a potion of lignification for 42 gold pieces
  7193 | D:5      | Bought a scroll of identify for 30 gold pieces
  7198 | D:5      | Bought a scroll of identify for 30 gold pieces
  7198 | D:5      | Bought a scroll of identify for 30 gold pieces
  7200 | D:5      | Bought a scroll of fog for 30 gold pieces
  7204 | D:5      | Bought a scroll of fog for 30 gold pieces
  7422 | D:5      | Bought a potion of curing for 42 gold pieces
  7452 | D:5      | Found a shadowy altar of Dithmenos.
  7778 | D:6      | Learned a level 1 spell: Sandblast
  7802 | D:6      | Reached *** piety under Hepliaklqana
  7810 | D:6      | Found a sand-covered staircase.
  7814 | Ossuary  | Entered an ossuary
  7826 | Ossuary  | Reached skill level 1 in Earth Magic
  8741 | D:6      | Reached skill level 5 in Earth Magic
  9310 | D:7      | Found a sacrificial altar of Ru.
  9362 | D:7      | Found a blossoming altar of Fedhas.
  9364 | D:7      | Noticed Maggie
  9382 | D:7      | Learned a level 4 spell: Hailstorm
  9404 | D:7      | Reached skill level 1 in Conjurations
  9558 | D:7      | Reached XP level 10. HP: 77/77 MP: 13/16
  9630 | D:7      | Reached skill level 5 in Conjurations
  9873 | D:7      | Killed Maggie
 10260 | D:7      | Found a runed translucent gate.
 10260 | D:7      | Found a runed translucent gate.
 10260 | D:7      | Reached **** piety under Hepliaklqana
 10260 | D:7      | Found a runed translucent gate.
 10266 | D:7      | Noticed Spaninq's ghost (novice HuWr)
 10308 | D:7      | Found a staircase to the Ecumenical Temple.
 10755 | D:8      | Identified the +2 leather armour of Rataol {rCorr Int-5
                  | Stlth+}
 10771 | D:8      | Noticed Pikel
 10780 | D:8      | Killed Pikel
 10781 | D:8      | Reached skill level 5 in Spellcasting
 11083 | D:8      | Noticed Joseph
 11102 | D:8      | Killed Joseph
 11516 | D:8      | Found a snail-covered altar of Cheibriados.
 11619 | D:5      | Bought a potion of haste for 140 gold pieces
 11619 | D:5      | Bought 2 potions of heal wounds for 140 gold pieces
 11619 | D:5      | Bought a potion of curing for 42 gold pieces
 11619 | D:5      | Bought a potion of curing for 42 gold pieces
 11619 | D:5      | Bought a potion of lignification for 42 gold pieces
 11907 | D:8      | Paralysed by a hornet for 2 turns
 12044 | D:8      | Reached XP level 11. HP: 87/87 MP: 20/20
 12060 | D:8      | Learned a level 5 spell: Lee's Rapid Deconstruction
 12126 | D:8      | Reached skill level 1 in Shields
 12227 | D:8      | Found a runed translucent door.
 12230 | D:8      | Noticed SnakkuSnakku7's ghost (journeyman NaSu)
 13001 | D:9      | Found Suan's Magic Scroll Shoppe.
 13009 | D:9      | Bought a scroll of fear for 49 gold pieces
 14445 | D:9      | Bought a scroll of identify for 28 gold pieces
 14467 | D:10     | Entered Level 10 of the Dungeon
 14868 | D:10     | Found a glowing golden altar of the Shining One.
 14933 | D:10     | Found a staircase to the Lair.
 14996 | D:10     | Reached skill level 1 in Invocations
 15053 | D:10     | Found a basalt altar of Yredelemnul.
 15132 | D:10     | Reached skill level 1 in Evocations
 15313 | Lair:1   | Entered Level 1 of the Lair of Beasts
 15347 | D:9      | Bought a scroll of blinking for 105 gold pieces
 15415 | Lair:1   | Found a burning altar of Makhleb.
 16229 | Lair:1   | Reached ***** piety under Hepliaklqana
 16243 | Lair:1   | Noticed Erica
 16254 | Lair:1   | Killed Erica
 16640 | Lair:1   | Reached XP level 12. HP: 93/93 MP: 14/21
 16641 | Lair:1   | Reached skill level 5 in Dodging
 16912 | Lair:1   | Identified the +9 quarterstaff of Oxzot {venom, Contam
                  | Dex+4 Stlth+}
 17170 | Lair:2   | Reached skill level 5 in Invocations
 17173 | Lair:2   | Noticed a seven-headed hydra
 17177 | Lair:2   | Killed a seven-headed hydra
 17234 | Lair:2   | Identified the ring "Fyac" {Fly rPois rN+ Will- Dex+6}
 17509 | Lair:2   | Reached skill level 5 in Evocations
 17685 | Lair:2   | You fall into a shaft and drop 1 floor!
 18057 | Lair:2   | Found a staircase to the Shoals.
 18624 | Lair:3   | Noticed Sonja
 18635 | Lair:3   | Killed Sonja
 19861 | Lair:4   | Found a staircase to the Snake Pit.
 20052 | Lair:4   | Found a gate leading to a gauntlet.
 20878 | Lair:5   | Found a viscous altar of Jiyva.
 20878 | Lair:5   | Found a staircase to the Slime Pits.
 20920 | Lair:5   | Noticed a death yak
 20920 | Lair:5   | Noticed a death yak
 20924 | Lair:5   | Noticed a death yak
 20924 | Lair:5   | Noticed a death yak
 20935 | Lair:5   | Noticed a death yak
 20939 | Lair:5   | Killed a death yak
 20940 | Lair:5   | Reached XP level 13. HP: 99/99 MP: 4/22
 21505 | Lair:5   | Reached skill level 10 in Fighting
 22354 | Lair:6   | Entered Level 6 of the Lair of Beasts
 22384 | Lair:6   | Noticed Nessos
 22394 | Lair:6   | Noticed Nessos
 22394 | Lair:6   | Nessos changed into Nessos the snapping turtle
 22414 | Lair:5   | Killed Nessos the snapping turtle
 22855 | Lair:6   | Reached skill level 10 in Earth Magic
 23207 | Lair:6   | Noticed a dire elephant
 23209 | Lair:6   | Noticed a dire elephant
 23212 | Lair:6   | Noticed a dire elephant
 23224 | Lair:6   | Killed a dire elephant
 23779 | Lair:6   | Reached XP level 14. HP: 111/111 MP: 23/23
 24587 | Lair:6   | Reached skill level 1 in Staves
 25117 | Lair:6   | Reached skill level 5 in Staves
 26031 | D:11     | Noticed Snorg
 26038 | D:11     | Killed Snorg
 26311 | D:11     | You fall into a shaft and drop 3 floors!
 26517 | D:13     | Reached ****** piety under Hepliaklqana
 28300 | D:12     | Found Upnazxih's Book Emporium.
 28331 | D:12     | Bought a book of the Earth for 680 gold pieces
 28337 | D:12     | Learned a level 5 spell: Bolt of Magma
 28550 | D:12     | Reached skill level 1 in Fire Magic
 28840 | D:12     | Found a staircase to the Orcish Mines.
 28978 | Orc:1    | Entered Level 1 of the Orcish Mines
 28978 | Orc:1    | Found Mesaonen's Book Emporium.
 29229 | Orc:1    | Noticed Jorgrun
 29248 | D:12     | Killed Jorgrun
 29249 | D:12     | Reached XP level 15. HP: 55/117 MP: 11/24
 29854 | Orc:1    | Noticed Maurice
 29871 | Orc:1    | Killed Maurice
 30026 | Orc:1    | Found Etiudilo's Armour Boutique.
 30113 | Orc:1    | Learned a level 4 spell: Animate Dead
 30187 | Orc:1    | Found Zieri's General Store.
 30330 | Orc:2    | Entered Level 2 of the Orcish Mines
 30333 | Orc:2    | Found a staircase to the Elven Halls.
 30546 | Orc:2    | Noticed Donald
 30555 | Orc:2    | Killed Donald
 30556 | Orc:2    | Reached skill level 5 in Fire Magic
 30998 | Orc:2    | Found a runed translucent gate.
 30998 | Orc:2    | Found a runed translucent gate.
 30998 | Orc:2    | Found a runed translucent gate.
 30998 | Orc:2    | Noticed sasquatch's ghost (journeyman VSBr)
 30999 | Orc:2    | Noticed VictoriousLee's ghost (journeyman BaIE)
 31008 | Orc:2    | Noticed hilljack's ghost (journeyman MiGl)
 31281 | Orc:2    | Found Ogiosid's Magic Scroll Shop.
 31454 | Orc:2    | Found Taggam's Jewellery Boutique.
 31615 | Orc:2    | Found a radiant altar of Vehumet.
 31667 | Orc:2    | Found Kyghion's Jewellery Boutique.
 31732 | Orc:2    | Paralysed by an orc sorcerer for 2 turns
 31759 | Orc:2    | Found an ancient bone altar of Kikubaaqudgha.
 31805 | Orc:2    | Found Zuqo's Antique Armour Shop.
 31893 | Orc:2    | Bought the ring of Vinalarph {rPois rF+ Str+4 Dex+2} for
                  | 745 gold pieces
 32465 | D:13     | Noticed Erolcha
 32477 | D:13     | Killed Erolcha
 33199 | D:13     | Reached skill level 1 in Necromancy
 33784 | D:13     | Found a gate to the Vaults.
 34170 | D:14     | Found a radiant altar of Vehumet.
 34263 | D:14     | Reached skill level 5 in Necromancy
 35085 | D:15     | Entered Level 15 of the Dungeon
 35405 | D:15     | Noticed Josephine
 35416 | D:15     | Killed Josephine
 35960 | D:15     | Reached skill level 5 in Shields
 37373 | D:15     | Found a staircase to the Depths.
 37374 | D:15     | Noticed a frost giant
 37384 | D:15     | Killed a frost giant
 38108 | Snake:1  | Entered Level 1 of the Snake Pit
 38312 | Snake:1  | Reached XP level 16. HP: 105/123 MP: 18/25
 39641 | Snake:1  | Reached skill level 10 in Shields
 40481 | Snake:1  | Found a runed translucent door.
 40486 | Snake:1  | Noticed Elinuc's ghost (adept DEWz)
 41098 | Snake:2  | Found Ebolueb's Book Shop.
 41490 | Snake:2  | Found a gateway to a bazaar.
 42131 | Snake:2  | Killed from afar by a shock serpent

Illustrated notes

Levels and vault maps discovered:
D:1:      dpeg_arrival_arbitrary_c, layout_basic
D:2:      layout_basic, basic_altar, shapermc_ecumenical_altar_acropolis,
          roderic_serpentine_path, minmay_3d_cube, uniq_sigmund
D:3:      layout_basic, nicolae_overflow_hidden_temple, minmay_ogre_servants
D:4:      layout_loops_ring, guppyfry_early_orc_mine
D:5:      black_bear_nest_1, layout_basic,
          nzn_overflow_gifts_of_might_and_magic, grunt_dithmenos_shadows,
          serial_shops, shop, shop, shop, nicolae_shop_waterfront,
          lemuel_flame_loot_1, uniq_duvessa
D:6:      minmay_inner_zag, layout_cave_pools, enter_ossuary_5,
          minmay_statues_item, serial_bayou_pond_b,
          chequers_serial_rivers_room_b
D:7:      minmay_the_grid_octo_tiled_squarecenter
          [minmay_the_grid_octo_concentric, minmay_the_grid_octo_checkered,
          minmay_the_grid_octo_fan_narrow, minmay_the_grid_octo_horde,
          minmay_the_grid_square_5x5_megaprize_hollow,
          minmay_the_grid_square_5x5_inset,
          minmay_the_grid_square_5x5_misaligned, minmay_the_grid_square_5x5_two,
          minmay_the_grid_square_5x5_three_small], layout_cave_pools,
          fedhas_bush_and_centaur_altar, nicolae_ru_sacrificial_ziggurat,
          temple_green, ebering_ghost_rock_garden, enter_bailey_5, uniq_maggie
D:8:      layout_loops_ring, cheibrodos_worm_habitat,
          ebering_ghost_reflecting_pool, kennysheep_pointless_box, uniq_joseph,
          uniq_pikel
D:9:      layout_basic, serial_shops, shop, worms_lemuel
D:10:     layout_basic, yredelemnul_altar_generic, tso_oasis_becter,
          david_lair_shrubbed
D:11:     layout_cross, uniq_snorg
D:12:     layout_roguey, orc_0_dummy, serial_shops, shop, serial_glass,
          glass_columns_a, glass_columns_b, glass_columns_a, glass_columns_b,
          glass_columns_b, glass_columns_c
D:13:     layout_cave_pools, david_vaults_1, minmay_fractal_squares_5,
          uniq_erolcha
D:14:     layout_rooms, nrook_pool_corridor, nicolae_vehumet_radiance
D:15:     grunt_enter_depths_snipers, layout_basic, uniq_josephine
Lair:1:   layout_roguey [special_room_bee], basic_altar, uniq_erica
Lair:2:   beast_lair_carwin_large_1, layout_cave_pods, elwin_shoals_entry_rooms
Lair:3:   layout_layer_cave, grunt_megastairs_2, infiniplex_staircase_pool,
          serial_bayou_shore_b, lemuel_fruit_tree, uniq_sonja
Lair:4:   layout_cave_pods, minmay_snake_entry_guardpost_small,
          gauntlet_entry_generic, serial_bayou_shore_a,
          infiniplex_staircase_pool_2
Lair:5:   layout_roguey, slime_altar_1, special_room
          [special_room_mythical_zoo], small_statue_intersection,
          lemuel_fruit_fields, grunt_megastairs_4
Lair:6:   due_jungle_book, layout_cave_pods, portal_ice_cave_entry_imps,
          uniq_nessos
Snake:1:  layout_honeycomb, ebering_ghost_reflecting_pool
Snake:2:  layout_rooms, serial_shops, statue_bzr, nicolae_shop_crystal, shop,
          shop, shop, st_stairs_1, serial_bayou_ford_a, beargit_elvish_explorers
Orc:1:    layout_diamond_mine, serial_shops, shop, nicolae_shop_window_shopping,
          shop_statue, uniq_jorgrun, uniq_maurice
Orc:2:    kennysheep_orc_mage_school, layout_diamond_mine,
          gammafunk_ghost_cemetery, uniq_donald

Skill      XL: |  1  2  3  4  5  6  7  8  9 10 11 12 13 14 15 16 |
---------------+-------------------------------------------------+-----
Dodging        | 2 4 7 9 |  9.2
Stealth        | 2 |  2.2
Ice Magic      | 6 8 9 |  9.9
Fighting       | 7 9 11 | 11.2
Spellcasting   | 4 6 |  6.2
Earth Magic    | 6 7 8 10 | 10.8
Conjurations   | 4 7 9 |  9.1
Shields        | 4 8 11 | 11.7
Invocations    | 4 7 9 |  9.6
Evocations     | 4 7 8 |  8.8
Staves         | 9 |  9.4
Fire Magic     | 4 7 |  7.0
Necromancy     | 5 |  5.7

Action                   |  1- 3 |  4- 6 |  7- 9 | 10-12 | 13-15 | 16-18 || total
-------------------------+-------+-------+-------+-------+-------+-------++-------
Melee: Spear             |    21 |    25 |       |       |       |       ||    46
       Tailslap          |     2 |     3 |     9 |     8 |    14 |     5 ||    41
       Hand axe          |       |    14 |    20 |       |       |       ||    34
       Staff             |       |     2 |    17 |    11 |    80 |    42 ||   152
       Trident           |       |       |    79 |   122 |       |       ||   201
Throw: Boomerang         |       |     3 |    63 |       |       |       ||    66
       Stone             |       |       |    40 |    10 |     3 |       ||    53
       Dart              |       |       |       |   157 |    12 |       ||   169
 Cast: Freeze            |    64 |    41 |    66 |    13 |       |       ||   184
       Frozen Ramparts   |       |     7 |    41 |    51 |     3 |    15 ||   117
       Sandblast         |       |       |    17 |   155 |   462 |    13 ||   647
       Lee's Rapid Decon |       |       |       |    11 |    60 |     7 ||    78
       Hailstorm         |       |       |       |       |     1 |       ||     1
       Bolt of Magma     |       |       |       |       |    45 |    26 ||    71
       Blink             |       |       |       |       |     3 |       ||     3
       Animate Dead      |       |       |       |       |     2 |     7 ||     9
Invok: Ancestor Identity |       |     1 |       |       |       |       ||     1
       Recall Ancestor   |       |     1 |     2 |     5 |    12 |     5 ||    25
       Ancestor Life: Kn |       |       |     1 |       |       |       ||     1
       Idealise          |       |       |       |     6 |    13 |     4 ||    23
Evoke: Wand              |       |       |       |     5 |    76 |     3 ||    84
       Condenser vane    |       |       |       |     1 |     6 |     1 ||     8
       Tin of tremorston |       |       |       |       |     2 |     2 ||     4
       Phantom mirror    |       |       |       |       |     1 |       ||     1
  Use: Scroll            |       |       |    14 |    19 |    14 |     6 ||    53
       Potion            |       |       |       |       |     2 |     2 ||     4
 Stab: Sleeping          |       |       |       |     2 |       |     1 ||     3
       Distracted        |       |       |       |     1 |       |       ||     1
Armor: Skin              |    39 |    45 |   104 |    86 |   141 |    33 ||   448
Dodge: Dodged            |    65 |    93 |   118 |   141 |   242 |    70 ||   729
Block: Buckler           |       |       |       |    63 |   286 |    99 ||   448
       Reflection        |       |       |       |     1 |    32 |    10 ||    43
